 Dungeon Crawl Stone Soup version 0.28.0-47-ge53b351184 (webtiles) character file.

Game seed: 11131683518686476610

137 Peloso the Skirmisher (level 5, -1/47 HPs)
             Began as a Minotaur Fighter on Apr 29, 2022.
             Slain by Pargi (5 damage)
             ... in a sewer.
             The game lasted 00:02:49 (1730 turns).

Peloso the Skirmisher (Minotaur Fighter)            Turns: 1730, Time: 00:02:50

Health: -1/47      AC:  8    Str: 21    XL:     5   Next: 0%
Magic:  4/4        EV: 10    Int:  5    God:
Gold:   47         SH:  4    Dex: 11    Spells: 4/4 levels left

rFire   . . .      SeeInvis .   a - +0 long sword
rCold   . . .      Faith    .   c - +0 buckler
rNeg    . . .      Spirit   .   b - +0 scale mail
rPois   .          Reflect  .   (helmet restricted)
rElec   .          Harm     .   (no cloak)
rCorr   .          Rampage  .   (no gloves)
Will    .....                   e - +0 pair of boots
Stlth   ..........              (no amulet)
HPRegen 0.15/turn               (no ring)
MPRegen 0.09/turn               (no ring)

@: brilliant
A: horns 2, retaliatory headbutt
a: no special abilities


You were in a sewer.
You visited 1 branch of the dungeon, and saw 3 of its levels.
You also visited: Sewer.

You collected 47 gold pieces.

Inventory:

Hand Weapons
 a - a +0 long sword (weapon)
Armour
 b - a +0 scale mail (worn)
 c - a +0 buckler (worn)
 e - a +0 pair of boots (worn)
Scrolls
 g - 2 scrolls of teleportation {unknown}
 h - a scroll of magic mapping {unknown}
 i - a scroll of identify {unknown}
 j - a scroll of silence {unknown}
 k - a scroll of noise {unknown}
Potions
 d - a potion of might
 l - a potion of berserk rage {unknown}


   Skills:
 + Level 4.4 Fighting
 + Level 4.0 Long Blades
 + Level 4.3 Armour
 + Level 2.0 Dodging
 + Level 0.5 Stealth
 + Level 4.0 Shields


You had 4 spell levels left.
You didn't know any spells.
Your spell library was empty.

Dungeon Overview and Level Annotations

Branches:
Dungeon (3/15)              Sewer (1/1)

Altars:

Shops:
D:2 [(=:(

Annotations:
Sewer Pargi


Innate Abilities, Weirdness & Mutations

You have a pair of horns on your head.
You reflexively headbutt those who attack you in melee.


Message History

You closely miss Pargi.
Pargi is moderately wounded.
Pargi closely misses you. Pargi claws you but does no damage. x2
You barely miss Pargi.
Pargi is moderately wounded.
Pargi bites you. Pargi misses you. Pargi claws you but does no damage.
You closely miss Pargi.
Pargi is lightly wounded.
Pargi bites you. Pargi barely misses you. Pargi claws you.
You completely miss Pargi.
Pargi is lightly wounded.
Pargi bites you. Pargi claws you but does no damage.
Pargi barely misses you. x2
Pargi closely misses you. Pargi misses you.
You barely miss Pargi.
Pargi is lightly wounded.
Pargi bites you! Pargi misses you. You block Pargi's attack.
You barely miss Pargi.
Pargi is lightly wounded.
You block Pargi's attack. Pargi claws you but does no damage. x2
You miss Pargi.
Pargi is lightly wounded.
Pargi completely misses you. Pargi misses you. Pargi closely misses you.
You closely miss Pargi. Pargi bites you.
* * * LOW HITPOINT WARNING * * *
Pargi claws you but does no damage. You block Pargi's attack.
You closely miss Pargi. Pargi bites you.
* * * LOW HITPOINT WARNING * * *
Pargi claws you but does no damage. You block Pargi's attack.
Pargi bites you but does no damage. Pargi claws you.
* * * LOW HITPOINT WARNING * * *
Pargi barely misses you.
You barely miss Pargi. Pargi bites you but does no damage.
Pargi claws you but does no damage. x2
You closely miss Pargi. Pargi bites you.
* * * LOW HITPOINT WARNING * * *
You block Pargi's attack. x2
It was a potion of brilliance.
You feel clever all of a sudden. Pargi bites you.
You die...

≈≈≈# ≈≈≈#
#######
+.≈≈≈.+
#.≈≈≈.#
####.≈≈≈.#
#!.T.≈≈≈.+
#@≈≈≈.#
####.≈≈≈.#
#..†.≈≈≈.+
####.≈≈≈.#
####.≈≈≈.####
#..'..∩....∩#
####.≈≈≈.####
#.≈≈≈.#
+.≈≈≈.+


You could see Pargi.

Vanquished Creatures
  An iguana (D:2)
  A river rat (D:3)
  5 adders
  A worm (D:3)
  2 dart slugs (D:1)
  5 ball pythons
  4 bats (D:1)
  5 endoplasms
  2 giant cockroaches
  2 goblins (D:1)
  6 hobgoblins
  3 jackals
  3 quokkas
  4 frilled lizards
  A kobold (D:2)
  6 rats
51 creatures vanquished.

Notes
Turn   | Place    | Note
-------+----------+-------------------------------------------
     0 | D:1      | Peloso the Minotaur Fighter began the quest for the Orb.
     0 | D:1      | Reached XP level 1. HP: 19/19 MP: 0/0
    84 | D:1      | Reached XP level 2. HP: 27/27 MP: 1/1
   463 | D:1      | Reached XP level 3. HP: 33/33 MP: 2/2
   961 | D:2      | Found Jousk's Book Shoppe.
   982 | D:2      | Found Ezerhar's Antique Weapon Boutique.
  1122 | D:2      | Found Quampaci's Antique Weapon Shoppe.
  1126 | D:2      | Found Jiguvot's Armour Shop.
  1128 | D:2      | Found Xuumoxo's Jewellery Emporium.
  1144 | D:2      | Reached skill level 1 in Dodging
  1144 | D:2      | Reached XP level 4. HP: 12/40 MP: 3/3
  1459 | D:3      | Found a faded altar of an unknown god.
  1511 | D:3      | Identified the +1 scale mail of Vovaas {MP+9}
  1686 | D:3      | Found a glowing drain.
  1691 | Sewer    | Entered a sewer
  1706 | Sewer    | Reached XP level 5. HP: 47/47 MP: 4/4
  1715 | Sewer    | Noticed Pargi
  1730 | Sewer    | Slain by Pargi

Illustrated notes

Levels and vault maps discovered:
D:1:      moated_graveyard_arrival, layout_rooms, kennysheep_minor_cross,
          hangedman_decor_lopped
D:2:      layout_basic, serial_shops, shop, shop, nicolae_shop_hallway_plus,
          shop, shop_fountains
D:3:      layout_rooms, serial_shops, shop, chequers_ecumenical_altar_island,
          lightli_sewer_entry_pipes, moated_statue
Sewer:    kennysheep_door_sewer

Skill      XL: |  1  2  3  4 |
---------------+-------------+-----
Armour         | 4 |  4.3
Shields        | 4 |  4.0
Long Blades    | 3 4 |  4.0
Fighting       | 4 |  4.4
Dodging        | 1 2 |  2.0
Stealth        | |  0.5

Action                   |  1- 3 |  4- 6 || total
-------------------------+-------+-------++-------
Melee: Long sword        |    81 |    49 ||   130
       Headbutt          |    12 |     4 ||    16
  Use: Potion            |       |     1 ||     1
Armor: Scale mail        |    48 |    28 ||    76
Dodge: Dodged            |    48 |    38 ||    86
Block: Buckler           |    29 |    20 ||    49
